 Dungeon Crawl Stone Soup version 0.21.1-1-g345015f (webtiles) character file.

54 Mirai the Magician (level 3, -1/19 HPs)
             Began as a Deep Elf Conjurer on Apr 1, 2018.
             Hit by a tomahawk thrown by an orc (5 damage)
             ... on level 3 of the Dungeon.
             The game lasted 00:02:56 (1500 turns).

Mirai the Magician (Deep Elf Conjurer)              Turns: 1500, Time: 00:02:57

Health: -1/19      AC:  3    Str:  5    XL:     3   Next: 66%
Magic:  7/12       EV: 13    Int: 20    God:
Gold:   95         SH:  0    Dex: 15    Spells: 10/13 levels left

rFire    . . .     SeeInvis .   j - +0 quarterstaff
rCold    . . .     Gourm    .   (shield currently unavailable)
rNeg     . . .     Faith    .   a - +0 robe
rPois    .         Spirit   .   (no helmet)
rElec    .         Reflect  .   k - +0 cloak
rCorr    .         Harm     .   (no gloves)
MR       .....                  (no boots)
Stlth    +.........             (no amulet)
HPRegen  0.06/turn              (no ring)
MPRegen  0.13/turn              (no ring)

@: very slow
A: no striking features
a: no special abilities


You were on level 3 of the Dungeon.
You were not hungry.

You visited 1 branch of the dungeon, and saw 3 of its levels.

You collected 95 gold pieces.

Inventory:

Hand Weapons
 j - a +0 quarterstaff (weapon)
Armour
 a - a +0 robe (worn)
 k - a +0 cloak (worn)
Scrolls
 h - a scroll of blinking {unknown}
 l - a scroll of noise {unknown}
Potions
 d - a potion of curing {unknown}
 e - a potion of flight {unknown}
 g - a potion of brilliance {unknown}
 i - a potion of haste {unknown}
Books
 b - a book of Conjurations

   Spells                             Type                      Level
   a - Magic Dart                     Conjuration                  1
   b - Searing Ray                    Conjuration                  2
   c - Dazzling Spray                 Conjuration/Hexes            3
   d - Fulminant Prism                Conjuration/Hexes            4
   e - Force Lance                    Conjuration/Translocation    4
   f - Iskenderun's Mystic Blast      Conjuration                  4
Comestibles
 c - 3 rations
 f - 2 chunks of flesh


   Skills:
 - Level 2.4 Dodging
 - Level 2.4 Stealth
 * Level 5.6 Spellcasting
 - Level 4.3 Conjurations


You had 10 spell levels left.
You knew the following spells:

 Your Spells              Type           Power        Failure   Level  Hunger
a - Magic Dart            Conj           ###.         1%          1    None
b - Searing Ray           Conj           ###...       2%          2    None


Dungeon Overview and Level Annotations

Branches:
Dungeon (3/15)

Altars:
Ashenzari
Dithmenos
Gozag
Qazlal

Portals:
Sewer: D:3


Message History

The hobgoblin shouts!
Found a scroll labeled WEMAAT POTH.
A gnoll comes into view. It is wielding a spear.
A giant cockroach comes into view.
The gnoll shouts!
You hear a shout!
An orc comes into view. It is wielding a mace.
The giant cockroach barely misses you. The worm bites you but does no damage.
The ooze quivers.
The orc shouts!
You hit the giant cockroach but do no damage.
The giant cockroach barely misses you.
The gnoll splashes around in the water.
The gnoll hits you with a flail of holy wrath!
You can't go down here!
Unknown command.
The giant cockroach bites you but does no damage.
The gnoll hits you from afar with a spear!
* * * LOW HITPOINT WARNING * * *
The giant cockroach barely misses you.
The orc throws a tomahawk.
The tomahawk hits you.
You die...

##.##. .###.....##
. ..........###..
#.#.##..#...#....
.#.#.$.≈≈≈≈≈..?#
..#.#≈o≈≈≈≈≈#.#
..>..≈≈≈≈≈≈≈..#.#
#...≈≈gs@≈≈....#
#...≈≈ggw≈≈≈....
##.#≈≈≈g≈≈≈#..##
#...gg≈≈≈../.#
##g.#≈.≈#..#.#
##.J..J.....#
..J..g......#.#...
.###..g<....#.#...
#.g.###....# # ..


You could see a worm, 7 gnolls, 2 oozes, an orc, a giant cockroach and a
hobgoblin.

Vanquished Creatures
  2 adders (D:2)
  2 worms
  A dart slug (D:2)
  A leopard gecko (D:2)
  A ball python (D:3)
  2 giant cockroaches
  4 goblins
  A hobgoblin (D:1)
  5 bats
  5 frilled lizards
  2 kobolds (D:1)
  6 rats
32 creatures vanquished.

Notes
Turn   | Place    | Note
-------+----------+-------------------------------------------
     0 | D:1      | Mirai the Deep Elf Conjurer began the quest for the Orb.
     0 | D:1      | Reached XP level 1. HP: 10/10 MP: 6/6
   260 | D:1      | Reached skill level 4 in Spellcasting
   260 | D:1      | Reached XP level 2. HP: 11/15 MP: 7/9
   264 | D:1      | Learned a level 2 spell: Searing Ray
   972 | D:2      | Reached skill level 5 in Spellcasting
   972 | D:2      | Reached XP level 3. HP: 19/19 MP: 2/11
  1239 | D:2      | Found an opulent altar of Gozag.
  1239 | D:2      | Found a shattered altar of Ashenzari.
  1240 | D:2      | Found a stormy altar of Qazlal.
  1380 | D:2      | Found a shadowy altar of Dithmenos.
  1483 | D:3      | Found a glowing drain.
  1500 | D:3      | Hit by a tomahawk thrown by an orc

Skill      XL: |  1  2 |
---------------+-------+-----
Spellcasting   | 4 5 |  5.6
Dodging        | |  2.4
Stealth        | |  2.4
Conjurations   | |  4.3

Action                   || total
-------------------------++-------
Melee: Unarmed           ||     3
       Quarterstaff      ||     1
 Cast: Magic Dart        ||    36
       Searing Ray       ||     9
  Eat: Chunk             ||     2
Armor: Robe              ||     7
Dodge: Dodged            ||     8
